 Dungeon Crawl Stone Soup version 0.30.0-29-ga12c61a403 (webtiles) character file.

Game seed: 11848428656696310615

88 seaoflcl the Trooper (level 4, -2/36 HPs)
             Began as a Human Fighter on June 4, 2023.
             Killed from afar by Terence (5 damage)
             ... with a bolt of dispelling energy
             ... on level 3 of the Dungeon on June 5, 2023.
             The game lasted 00:03:37 (2030 turns).

seaoflcl the Trooper (Human Fighter)                Turns: 2030, Time: 00:03:38

Health: -2/36      AC:  6    Str: 18    XL:     4   Next: 82%
Magic:  4/4        EV:  9    Int:  8    God:
Gold:   140        SH:  5    Dex: 13    Spells: 3/3 levels left

rFire   . . .        k - +1 short sword (speed)
rCold   . . .        c - +0 buckler
rNeg    . . .        b - +0 scale mail
rPois   .            (no helmet)
rElec   .            (no cloak)
rCorr   .            (no gloves)
SInv    .            (no boots)
Will    .....        (no amulet) Stlth
                     (no ring)
HPRegen 0.26/turn    (no ring)
MPRegen 0.09/turn

%: no passive effects
@: mighty
A: no striking features
a: no special abilities


You were on level 3 of the Dungeon.
You visited 1 branch of the dungeon, and saw 3 of its levels.

You collected 140 gold pieces.

Inventory:

Hand Weapons
 a - a +0 long sword
 k - a +1 short sword of speed (weapon)
Armour
 b - a +0 scale mail (worn)
 c - a +0 buckler (worn)
Scrolls
 e - a scroll of fear {unknown}
 f - a scroll of enchant armour {unknown}
 g - a scroll of fog {unknown}
 h - 2 scrolls of identify {unknown}
 i - a scroll of noise {unknown}
Potions
 j - 2 potions of curing {unknown}
 l - a potion of brilliance {unknown}
 m - a potion of haste {unknown}
 n - a potion of flight {unknown}
 o - a potion of invisibility {unknown}


   Skills:
 + Level 3.6 Fighting
 * Level 3.0 Long Blades
 + Level 3.5 Armour
 + Level 3.6 Shields


You had 3 spell levels left.
You didn't know any spells.
Your spell library contained the following spells:

 Spells                   Type           Power      Damage    Failure   Level
 Vhi's Electric Charge    Tloc/Air       0%         N/A       99%         3
 Anguish                  Hex/Necr       0%         N/A       100%        4
 Cause Fear               Hex            0%         N/A       100%        4
 Arcjolt                  Conj/Air       0%         1d10      100%        5
 Enfeeble                 Hex            0%         N/A       100%        7
 Maxwell's Capacitive Co  Air            0%         ∞         100%        8


Dungeon Overview and Level Annotations

Branches:
Dungeon (3/15)

Altars:

Annotations:
D:3 Terence


Message History

The endoplasm is moderately wounded.
You hit the endoplasm.
You kill the endoplasm!
HP restored.
You now have 131 gold pieces (gained 11).
You now have 140 gold pieces (gained 9).
Found a stone staircase leading down.
Terence zaps a wand.
The bolt of dispelling energy hits you!
You closely miss Terence. You hit Terence but do no damage.
Terence hits you with a +0 mace.
You hit Terence but do no damage. You block Terence's attack.
You barely miss Terence. You hit Terence but do no damage.
Terence closely misses you.
You hit Terence but do no damage. Terence hits you but does no damage.
You barely miss Terence. You hit Terence but do no damage.
Terence hits you with a +0 mace.
You hit Terence but do no damage. Terence hits you with a +0 mace.
You hit Terence but do no damage.
You don't know any spells.
You don't know any spells.
Hit: k) +1 short sword (speed)
Press: ? - help, Dir - move target, f - Terence
Aim: Terence, wielding a +0 mace, wearing a +0 ring mail and carrying a wand of quicksilver (2) (about 35% to evade your +1 short sword of speed)
Okay, then.
You aren't carrying any items that you can evoke.
Hit: k) +1 short sword (speed)
Press: ? - help, Dir - move target, f - Terence
Aim: Terence, wielding a +0 mace, wearing a +0 ring mail and carrying a wand of quicksilver (2) (about 35% to evade your +1 short sword of speed)
Okay, then.
Unknown command.
You feel very mighty all of a sudden. Terence hits you with a +0 mace!
* * * LOW HITPOINT WARNING * * *
You barely miss Terence. Terence hits you with a +0 mace.
* * * LOW HITPOINT WARNING * * *
You hit Terence.
Terence is lightly wounded.
Terence zaps a wand.
The bolt of dispelling energy hits you.
Your magical effects are unravelling.
You die...

####.#<# #.### #
#.. . #.# #### #.
####.# #...
#.##....#### #.##
#.##.....@..... #.#
#......@###########
#.#
#####>.@..........#
#.# #############.#
#.# #.# #.# #.###.#
#.....# ###########
#.........##
#.###..##... #.#
#..#####


You could see Terence.

Vanquished Creatures
  2 adders (D:2)
  5 worms (D:2)
  A dart slug (D:2)
  2 endoplasms
  A giant cockroach (D:1)
  8 goblins
  5 hobgoblins
  3 jackals (D:1)
  6 kobolds
  A quokka (D:1)
  6 ball pythons
  3 bats (D:1)
  3 frilled lizards
  6 rats
52 creatures vanquished.

Vanquished Creatures (others)
  A bat (D:3)
1 creature vanquished.

Grand Total: 53 creatures vanquished

Notes
Turn   | Place    | Note
-------+----------+-------------------------------------------
     0 | D:1      | seaoflcl the Human Fighter began the quest for the Orb.
     0 | D:1      | Reached XP level 1. HP: 18/18 MP: 1/1
   149 | D:1      | Reached XP level 2. HP: 24/24 MP: 2/2
   500 | D:1      | Reached XP level 3. HP: 29/29 MP: 3/3
  1224 | D:2      | Reached XP level 4. HP: 34/35 MP: 4/4
  1689 | D:3      | Noticed Terence
  2030 | D:3      | Killed from afar by Terence

Illustrated notes

Levels and vault maps discovered:
D:1:      dpeg_arrival_oval, layout_loops_ring, minmay_liquid_box,
          kennysheep_pointless_box, minmay_misc_feat_alley
D:2:      layout_basic, nicolae_kite_square_tiling_tiny,
          minmay_indecisive_spiral
D:3:      layout_basic, uniq_crazy_yiuf_cottage, uniq_terence

Skill      XL: |  1  2  3  4 |
---------------+-------------+-----
Long Blades    | 3 |  3.0
Fighting       | |  3.6
Armour         | |  3.5
Shields        | |  3.6

Action                     |  1- 3 |  4- 6 || total
---------------------------+-------+-------++-------
  Melee: Long sword        |    80 |       ||    80
         Short sword       |    85 |    94 ||   179
    Use: Potion            |       |     1 ||     1
 Armour: Scale mail        |    75 |    16 ||    91
  Dodge: Dodged            |    71 |    23 ||    94
  Block: Buckler           |    28 |    14 ||    42
